 Dungeon Crawl Stone Soup version 0.29-a0-284-gf9362112df (webtiles) character file.

Game seed: 1894803643657497163

16 pokeman the Magician (level 2, -5/16 HPs)
             Began as a Deep Elf Hedge Wizard on Mar 26, 2022.
             Slain by Natasha (7 damage)
             ... on level 2 of the Dungeon.
             The game lasted 00:01:30 (1059 turns).

pokeman the Magician (Deep Elf Hedge Wizard)        Turns: 1059, Time: 00:01:31

Health: -5/16      AC:  2    Str:  7    XL:     2   Next: 37%
Magic:  9/9        EV: 12    Int: 18    God:
Gold:   72         SH:  0    Dex: 14    Spells: 9/10 levels left

rFire   . . .      SeeInvis .   h - +1 dagger (venom)
rCold   . . .      Faith    .   (no shield)
rNeg    . . .      Spirit   .   b - +0 robe
rPois   .          Reflect  .   c - +0 hat
rElec   .          Harm     .   (no cloak)
rCorr   .          Rampage  .   (no gloves)
Will    .....                   (no boots)
Stlth   ++........              (no amulet)
HPRegen 0.05/turn               (no ring)
MPRegen 0.11/turn               (no ring)

@: slowed, very slow
A: no striking features
a: no special abilities


You were on level 2 of the Dungeon.
You visited 1 branch of the dungeon, and saw 2 of its levels.

You collected 72 gold pieces.

Inventory:

Hand Weapons
 h - a +1 dagger of venom (weapon)
Armour
 b - a +0 robe (worn)
 c - a +0 hat (worn)
Scrolls
 a - a scroll of vulnerability {unknown}
 f - a scroll of enchant armour {unknown}
 g - a scroll of magic mapping {unknown}
 i - a scroll of fog {unknown}
Potions
 d - a potion of magic
 e - a potion of heal wounds {unknown}


   Skills:
 + Level 0.5 Fighting
 + Level 0.4 Armour
 - Level 2.4 Dodging
 - Level 2.4 Stealth
 * Level 4.8 Spellcasting
 + Level 1.5 Conjurations
 - Level 1.1 Summonings
 - Level 1.1 Translocations


You had 9 spell levels left.
You knew the following spells:

 Your Spells              Type           Power      Damage    Failure   Level
a - Magic Dart            Conj           36%        1d4       8%          1

Your spell library contained the following spells:

 Spells                   Type           Power      Damage    Failure   Level
 Blink                    Tloc           16%        N/A       13%         2
 Call Imp                 Summ           8%         N/A       13%         2
 Slow                     Hex            16%        N/A       14%         1
 Conjure Flame            Conj/Fire      7%         6-21      30%         3
 Mephitic Cloud           Conj/Pois/Air  6%         N/A       32%         3


Dungeon Overview and Level Annotations

Branches:
Dungeon (2/15)

Altars:

Annotations:
D:2 Natasha


Message History

Press: ? - help, Shift-Dir - straight line, f/p - dart slug
Aim: a dart slug (almost dead, 100% to hit)
The magic dart hits the dart slug.
You kill the dart slug!
Casting: Magic Dart (safe; 8% risk of failure)
Confirm with . or Enter, or press ? or * to list all spells.
You can't see any susceptible monsters within range! (Use Z to cast anyway.) Unknown command.
Your magical contamination has completely faded away.
There is an open door here.
You open the door.
There is an open door here.
There is an open door here.
Done exploring.
Done exploring.
There is a stone staircase leading down here.
You climb downwards.
There is a stone staircase leading up here.
Natasha hisses angrily.
You hit Natasha.
Natasha is poisoned.
Natasha is lightly wounded.
Natasha stares at you and mumbles some strange words.
You feel yourself slow down.
You hit Natasha.
Natasha is lightly wounded.
Natasha barely misses you.
You hit Natasha.
Natasha is heavily wounded.
Natasha claws you but does no damage. x2
You miss Natasha.
Natasha is heavily wounded.
Natasha claws you!
Unknown command.
Natasha claws you!
* * * LOW HITPOINT WARNING * * *
There is a stone staircase leading up here.
You hit Natasha but do no damage.
Natasha is severely wounded.
Natasha claws you!
You die...

..########
.........#######
#......h........
......##@......#
##### #..####.#
..... ##..##.#
#..# # ...# ##.#
.#


You could see Natasha (poisoned).

Vanquished Creatures
  A dart slug (D:1)
  A quokka (D:1)
  3 ball pythons (D:1)
  4 frilled lizards (D:1)
  3 goblins (D:1)
  2 kobolds (D:1)
  A rat (D:1)
15 creatures vanquished.

Notes
Turn   | Place    | Note
-------+----------+-------------------------------------------
     0 | D:1      | pokeman the Deep Elf Hedge Wizard began the quest for the
                  | Orb.
     0 | D:1      | Reached XP level 1. HP: 10/10 MP: 7/7
   471 | D:1      | Reached XP level 2. HP: 16/16 MP: 6/9
  1052 | D:2      | Noticed Natasha
  1059 | D:2      | Slain by Natasha

Illustrated notes

Levels and vault maps discovered:
D:1:      dpeg_arrival_central, layout_basic
D:2:      minmay_chambers_of_twos, layout_loops_ring, uniq_natasha

Action                   || total
-------------------------++-------
Melee: Dagger            ||     5
 Cast: Magic Dart        ||    36
Armor: Robe              ||     2
Dodge: Dodged            ||     7

Table legend: (Time is in decaauts)
 A = Elapsed time spent in this place.
 B = Non-inter-level travel time spent in this place.
 C = Inter-level travel time spent in this place.
 D = Time resting spent in this place.
 E = Time spent auto-exploring this place.
 F = Levels seen in this place.
 G = Mean time per level.
                   A        B        C        D        E       F      G
               +--------+--------+--------+--------+--------+-----+--------+
         Total |   1060 |   1054 |      6 |      0 |    971 |   2 |  530.0 |
       Dungeon |   1060 |   1054 |      6 |      0 |    971 |   2 |  530.0 |
               +--------+--------+--------+--------+--------+-----+--------+

Top non-repeatable levels by time:
     D:1: 1051 daAuts
     D:2: 8 daAuts
